[Event "FIDE World Rapid-ch Open 2018"]
[White "Artemiev, Vladislav"]
[Black "Vitiugov, Nikita"]
[Site "St. Petersburg"]
[Round "2.3"]
[Annotator "ChessBase"]
[Result "1-0"]
[Date "2018.12.26"]
[WhiteElo "2709"]
[BlackElo "2719"]
[PlyCount "115"]
[TimeControl "900+10"]

1. c4 c6 2. e4 d5 3. exd5 cxd5 4. d4 Nf6 5. Nc3 g6 6. Qb3 Bg7 7. cxd5 0-0 8. Be2 Nbd7 9. Bf3 Nb6 10. Nge2 a5 11. 0-0 a4 12. Qb5 Bd7 13. Qb4 Bg4 14. Bxg4 Nxg4 15. Qb5 Nf6 16. Nf4 Qd6 17. Re1 Rfc8 18. a3 Ra6 19. h3 h6 20. Be3 g5 21. Nd3 Nbxd5 22. Nc5 Rb6 23. Qe2 Nxc3 24. bxc3 Nd5 25. Nxa4 Nxc3 26. Qg4 Rbc6 27. Nxc3 Rxc3 28. h4 gxh4 29. Rab1 b6 30. Rb5 Qg6 31. Qxh4 R8c7 32. d5 Bf6 33. Qh3 Bd4 34. d6 Qxd6 35. Qg4+ Bg7 36. Rxb6 R7c6 37. Bf4 Qg6 38. Qxg6 fxg6 39. Rxc6 Rxc6 40. Rxe7 Ra6 41. Bc1 Rc6 42. Bd2 Rc2 43. Be3 Ra2 44. Ra7 Be5 45. g3 h5 46. a4 Bc3 47. Kg2 Bb4 48. Kf3 Be1 49. Bd4 Bd2 50. Bb6 g5 51. a5 h4 52. gxh4 gxh4 53. Kg4 Be1 54. a6 Ra4+ 55. Kh3 Bc3 56. Ra8+ Kf7 57. a7 Ra3 58. Rf8+ 1-0

[Event "FIDE World Rapid-ch Open 2018"]
[White "Frolyanov, Dmitry"]
[Black "Kamsky, Gata"]
[Site "St. Petersburg"]
[Round "2.9"]
[Annotator "ChessBase"]
[Result "0-1"]
[Date "2018.12.26"]
[WhiteElo "2517"]
[BlackElo "2666"]
[PlyCount "76"]
[TimeControl "900+10"]

1. e4 c5 2. Nf3 e6 3. d4 cxd4 4. Nxd4 a6 5. Bd3 g6 6. 0-0 Bg7 7. Nb3 Ne7 8. c4 0-0 9. Nc3 Nbc6 10. Bg5 h6 11. Bf4 Ne5 12. Be2 g5 13. Be3 b6 14. Qd2 N7g6 15. Rad1 Bb7 16. Na4 b5 17. cxb5 axb5 18. Nac5 Bc6 19. Nd4 Qa5 20. Nxc6 dxc6 21. a3 Nc4 22. Bxc4 bxc4 23. Qc2 c3 24. bxc3 Qxa3 25. Nd3 Qa4 26. Qxa4 Rxa4 27. Bc5 Rfa8 28. Bb4 Ra2 29. Nc5 Rc2 30. Rd6 Bxc3 31. Bxc3 Rxc3 32. Rxc6 Ne5 33. Ra6 Rb8 34. Na4 Rc4 35. f3 Rbb4 36. Ra1 Kg7 37. h3 Nd3 38. Rd6 Nf4 0-1

[Event "FIDE World Rapid-ch Open 2018"]
[White "Svidler, Peter"]
[Black "Lintchevski, Daniil"]
[Site "St. Petersburg"]
[Round "2.10"]
[Annotator "ChessBase"]
[Result "1-0"]
[Date "2018.12.26"]
[WhiteElo "2737"]
[BlackElo "2516"]
[PlyCount "87"]
[TimeControl "900+10"]

1. e4 c5 2. Nf3 e6 3. d4 cxd4 4. Nxd4 Nf6 5. Nc3 Nc6 6. a3 d6 7. Be3 Be7 8. Qe2 a6 9. 0-0-0 Qc7 10. g4 Nxd4 11. Rxd4 b5 12. g5 Nd7 13. f4 Bb7 14. Rg1 Nb6 15. Qf2 d5 16. Rd1 Nc4 17. Bxc4 Qxc4 18. Bd4 0-0-0 19. Bxg7 Rhg8 20. Be5 Bc5 21. Bd4 Be7 22. e5 Kb8 23. Kb1 Rc8 24. Rg3 Qc6 25. Qe2 Qe8 26. h4 h6 27. Rdg1 Rh8 28. g6 Bxh4 29. g7 Rg8 30. Rh3 Be7 31. Rxh6 Rc4 32. Qf2 Qc8 33. Rg3 b4 34. axb4 Rxb4 35. f5 exf5 36. e6 f6 37. Bxf6 Bc5 38. Qxf5 d4 39. Rh8 dxc3 40. Rxc3 Re4 41. Rxc5 Qe8 42. Rxg8 Qxg8 43. Be5+ Ka7 44. Qf2 1-0

[Event "FIDE World Rapid-ch Open 2018"]
[White "Korobov, Anton"]
[Black "Postny, Evgeny"]
[Site "St. Petersburg"]
[Round "2.11"]
[Annotator "ChessBase"]
[Result "1/2-1/2"]
[Date "2018.12.26"]
[WhiteElo "2698"]
[BlackElo "2615"]
[PlyCount "65"]
[TimeControl "900+10"]

1. d4 d5 2. c4 c6 3. Nf3 Nf6 4. Nc3 a6 5. c5 Bf5 6. Bf4 Nbd7 7. e3 Nh5 8. Be5 f6 9. Bg3 e5 10. Be2 Nxg3 11. hxg3 Be6 12. b4 e4 13. Nd2 g6 14. a4 Bg7 15. b5 axb5 16. axb5 0-0 17. 0-0 f5 18. Qb3 h5 19. Rxa8 Qxa8 20. Qb2 Qd8 21. bxc6 bxc6 22. Qb7 Qa8 23. Rb1 Qxb7 24. Rxb7 Rc8 25. Nb3 Bf6 26. Kf1 Bd8 27. Ke1 Rb8 28. Rxb8 Nxb8 29. Na2 Kf8 30. Kd2 Bc8 31. Nb4 Ke7 32. Kc3 Kd7 33. Nd2 1/2-1/2

[Event "FIDE World Rapid-ch Open 2018"]
[White "Roiz, Michael"]
[Black "Guseinov, Gadir"]
[Site "St. Petersburg"]
[Round "2.14"]
[Annotator "ChessBase"]
[Result "1-0"]
[Date "2018.12.26"]
[WhiteElo "2605"]
[BlackElo "2664"]
[PlyCount "115"]
[TimeControl "900+10"]

1. Nf3 g6 2. d4 Bg7 3. c4 d6 4. Nc3 Nf6 5. g3 0-0 6. Bg2 Nc6 7. 0-0 Bf5 8. Ne1 Re8 9. e4 Bd7 10. Nc2 e5 11. dxe5 dxe5 12. Nd5 Nd4 13. Nxd4 exd4 14. Bg5 c6 15. Nxf6+ Bxf6 16. Bxf6 Qxf6 17. f4 Qd6 18. Qd3 f6 19. b4 b6 20. Rad1 Bg4 21. Qxd4 Qxb4 22. Qd6 Qxd6 23. Rxd6 Be6 24. e5 Rad8 25. Bxc6 Rxd6 26. exd6 Rd8 27. Rd1 Bxc4 28. a3 Kf7 29. Rd4 Be6 30. Bb5 Bd7 31. Bc4+ Kf8 32. Kf2 b5 33. Be2 a5 34. Rd5 Rb8 35. Ke3 Kf7 36. f5 gxf5 37. Bd3 a4 38. Bxf5 Bxf5 39. Rxf5 Ke6 40. Rh5 Kxd6 41. Kd3 Rb7 42. Kc3 Ke6 43. Rc5 f5 44. Kb4 Rd7 45. Kxb5 Rd2 46. Rc6+ Kf7 47. Rh6 Kg7 48. Rh4 Kg6 49. Kxa4 h5 50. Kb3 Kg5 51. a4 f4 52. Rxf4 Rxh2 53. a5 Rg2 54. Rf3 Re2 55. Rc3 Re4 56. Rc5+ Kg6 57. a6 Re3+ 58. Kb4 1-0

[Event "FIDE World Rapid-ch Open 2018"]
[White "Smirin, Ilia"]
[Black "Andreikin, Dmitry"]
[Site "St. Petersburg"]
[Round "2.15"]
[Annotator "ChessBase"]
[Result "0-1"]
[Date "2018.12.26"]
[WhiteElo "2609"]
[BlackElo "2719"]
[PlyCount "108"]
[TimeControl "900+10"]

1. e4 e5 2. Nf3 Nc6 3. Bb5 Nf6 4. d3 Bc5 5. h3 Nd4 6. Nxd4 Bxd4 7. c3 Bb6 8. Bg5 c6 9. Ba4 d5 10. Qf3 Be6 11. Nd2 h6 12. Bh4 g5 13. Bg3 dxe4 14. dxe4 g4 15. Qe2 Nh5 16. Bxe5 Qg5 17. Bxh8 Nf4 18. Qf1 gxh3 19. gxh3 Ng2+ 20. Kd1 0-0-0 21. Bd4 Bxd4 22. cxd4 Rxd4 23. f4 Ne3+ 24. Ke2 Qa5 25. Qc1 Nc4 26. Nf3 Rxe4+ 27. Kf2 Qb6+ 28. Kg3 Ne3 29. Bd1 Nf5+ 30. Kg2 Ne3+ 31. Kg3 Nf5+ 32. Kg2 Bd5 33. Qc3 Ne3+ 34. Kg3 Nf5+ 35. Kg2 Re8 36. Rh2 Rg8+ 37. Kf1 Ng3+ 38. Ke1 Bxf3 39. Qxf3 Qg1+ 40. Kd2 Qxh2+ 41. Kc3 Rd8 42. Qe3 Qxh3 43. Kb3 Qf5 44. Bc2 Qb5+ 45. Ka3 Qa5+ 46. Kb3 Qb5+ 47. Ka3 Ne2 48. Qe5 Nd4 49. Rc1 Qa6+ 50. Kb4 Qxa2 51. Bf5+ Nxf5 52. Qxf5+ Rd7 53. Qe5 Qe6 54. Qc5 Qd6 0-1

[Event "FIDE World Rapid-ch Open 2018"]
[White "Dubov, Daniil"]
[Black "Jumabayev, Rinat"]
[Site "St. Petersburg"]
[Round "2.17"]
[Annotator "ChessBase"]
[Result "1-0"]
[Date "2018.12.26"]
[WhiteElo "2703"]
[BlackElo "2602"]
[PlyCount "101"]
[TimeControl "900+10"]

1. c4 e5 2. Nc3 Nf6 3. g3 Bc5 4. Nf3 e4 5. Ng5 Bxf2+ 6. Kxf2 Ng4+ 7. Kg1 Qxg5 8. Nxe4 Qg6 9. Bg2 0-0 10. d4 d6 11. Bf4 Nc6 12. Nc3 Bd7 13. Qd2 Rfe8 14. Re1 a6 15. h3 Nf6 16. e4 Rad8 17. Kh2 h6 18. Rhf1 Bc8 19. g4 Ne5 20. Qe2 Nc6 21. Qd2 Ne5 22. Qe2 Nc6 23. Rd1 Kh8 24. Qf3 Kg8 25. b3 Rd7 26. Rfe1 Rde7 27. Nd5 Nxd5 28. cxd5 Nb8 29. e5 Nd7 30. Qg3 Nb6 31. Be4 f5 32. gxf5 Qxg3+ 33. Bxg3 Nd7 34. e6 Nf6 35. Bh4 Rf8 36. Rc1 b6 37. Rc2 Bb7 38. Bxf6 gxf6 39. Rg1+ Kh7 40. Rg6 a5 41. a3 Ba6 42. a4 b5 43. Rcg2 b4 44. R2g4 Be2 45. Rh4 h5 46. Rg2 Bd1 47. Rg1 Be2 48. Re1 Ba6 49. Rxh5+ Kg8 50. Rh6 Rg7 51. Bf3 1-0

[Event "FIDE World Rapid-ch Open 2018"]
[White "Khanin, Semen"]
[Black "Sjugirov, Sanan"]
[Site "St. Petersburg"]
[Round "2.18"]
[Annotator "ChessBase"]
[Result "1-0"]
[Date "2018.12.26"]
[WhiteElo "2514"]
[BlackElo "2663"]
[PlyCount "129"]
[TimeControl "900+10"]

1. e4 c5 2. Nf3 d6 3. d4 cxd4 4. Nxd4 Nf6 5. Nc3 a6 6. f3 e5 7. Nb3 Be6 8. Be3 Be7 9. Qd2 0-0 10. 0-0-0 Nbd7 11. g4 b5 12. g5 b4 13. gxf6 bxc3 14. Qxc3 Nxf6 15. Na5 Rc8 16. Nc6 Qe8 17. Nxe7+ Qxe7 18. Qa5 Rc6 19. Rg1 Rfc8 20. Kb1 Nh5 21. Rg2 Qf6 22. Rf2 g6 23. b3 Nf4 24. Qa3 Nh3 25. Bxh3 Bxh3 26. c4 Re8 27. Qa5 h6 28. Qc3 Qh4 29. Rg1 Kh7 30. f4 f5 31. Ka1 Bg4 32. Qd2 Qf6 33. h3 Bh5 34. exf5 gxf5 35. fxe5 dxe5 36. Qd7+ Re7 37. Qxf5+ Qxf5 38. Rxf5 Bg6 39. Rf2 Rd7 40. Rd2 Rxd2 41. Bxd2 Rd6 42. Be3 Rd3 43. Re1 e4 44. Kb2 Be8 45. Kc2 Bc6 46. h4 Kg6 47. Rd1 Rxe3 48. Rd6+ Kf5 49. Rxc6 Re2+ 50. Kc3 Rxa2 51. Rxh6 a5 52. Rh8 a4 53. bxa4 Rxa4 54. Kd4 e3 55. Re8 Ra1 56. Rxe3 Rh1 57. Kd5 Rxh4 58. c5 Rh1 59. c6 Rd1+ 60. Kc5 Rc1+ 61. Kd6 Rd1+ 62. Kc7 Kf6 63. Kc8 Rb1 64. c7 Kf7 65. Re4 1-0

[Event "FIDE World Rapid-ch Open 2018"]
[White "Miton, Kamil"]
[Black "Gelfand, Boris"]
[Site "St. Petersburg"]
[Round "2.19"]
[Annotator "ChessBase"]
[Result "0-1"]
[Date "2018.12.26"]
[WhiteElo "2588"]
[BlackElo "2673"]
[PlyCount "92"]
[TimeControl "900+10"]

1. e4 c5 2. Nf3 Nc6 3. Bb5 g6 4. 0-0 Bg7 5. d3 Nf6 6. Bxc6 bxc6 7. Nc3 0-0 8. h3 d6 9. e5 Nd5 10. Re1 Rb8 11. Ne4 dxe5 12. Nxc5 Qd6 13. Nb3 Ba6 14. Qe2 f6 15. Nfd2 Nf4 16. Qf3 f5 17. Na5 Nd5 18. Ndc4 Qc7 19. Bd2 Rf7 20. Qe2 Nf4 21. Bxf4 exf4 22. Qe6 Bxc4 23. Nxc4 Bxb2 24. Rab1 Bc3 25. Red1 Rxb1 26. Rxb1 Kg7 27. Rb3 Bf6 28. a4 Rf8 29. a5 Rb8 30. a6 Rb5 31. Kf1 Rxb3 32. cxb3 Qb8 33. Nd2 Qb6 34. Qc4 Bd4 35. Nf3 Bxf2 36. d4 Be3 37. Ne5 Qa5 38. Qf7+ Kh6 39. Qf8+ Kh5 40. Nf3 Qxa6+ 41. Ke1 Qa1+ 42. Ke2 Qb2+ 43. Ke1 Qc1+ 44. Ke2 Qc2+ 45. Ke1 Bf2+ 46. Kf1 Bg3 0-1

[Event "FIDE World Rapid-ch Open 2018"]
[White "Oparin, Grigoriy"]
[Black "Bindrich, Falko"]
[Site "St. Petersburg"]
[Round "2.20"]
[Annotator "ChessBase"]
[Result "1-0"]
[Date "2018.12.26"]
[WhiteElo "2613"]
[BlackElo "2606"]
[PlyCount "121"]
[TimeControl "900+10"]

1. Nf3 d5 2. g3 Bg4 3. Bg2 e6 4. 0-0 Nf6 5. h3 Bh5 6. c4 c6 7. d4 Nbd7 8. cxd5 exd5 9. Nh4 Bg6 10. Nc3 Be7 11. Nxg6 hxg6 12. Qd3 0-0 13. h4 Re8 14. Bf3 Nb6 15. Kg2 Qd7 16. Bf4 Nc4 17. Rab1 Rad8 18. Rfd1 Nd6 19. a4 a6 20. a5 Qe6 21. Na4 Nde4 22. b4 Bd6 23. Nc5 Qe7 24. e3 Qc7 25. Qc2 Re7 26. Nd3 Bxf4 27. exf4 Qc8 28. Ne5 Qf5 29. Rbc1 Rde8 30. Re1 Qe6 31. Rh1 Qd6 32. Rb1 Qe6 33. Rbe1 Qd6 34. Qb2 Qc7 35. h5 gxh5 36. Bxh5 g6 37. Bf3 Kg7 38. g4 Qc8 39. Qc1 Rh8 40. f5 Ree8 41. g5 Qxf5 42. gxf6+ Nxf6 43. Qe3 g5 44. Be2 Ne4 45. Bg4 Qf6 46. Qf3 Qxf3+ 47. Nxf3 Rxh1 48. Rxh1 Nd6 49. Nxg5 Kf6 50. Nf3 Rg8 51. Ne5 Nb5 52. Rh7 Nxd4 53. f4 Rg7 54. Rxg7 Kxg7 55. Bc8 c5 56. bxc5 Nb3 57. c6 bxc6 58. Nxc6 Nc5 59. Kf3 d4 60. Nxd4 Kf6 61. Nc6 1-0

[Event "FIDE World Rapid-ch Open 2018"]
[White "Bosiocic, Marin"]
[Black "Cheparinov, Ivan"]
[Site "St. Petersburg"]
[Round "2.21"]
[Annotator "ChessBase"]
[Result "0-1"]
[Date "2018.12.26"]
[WhiteElo "2599"]
[BlackElo "2709"]
[PlyCount "110"]
[TimeControl "900+10"]

1. d4 Nf6 2. c4 e6 3. Nf3 d5 4. Nc3 Bb4 5. Bg5 h6 6. Bxf6 Qxf6 7. Qa4+ Nc6 8. e3 0-0 9. Be2 dxc4 10. 0-0 Bd7 11. Bxc4 Bxc3 12. bxc3 Rfd8 13. Be2 b6 14. Bb5 e5 15. Qa6 Bc8 16. Qa3 Bb7 17. Rfe1 Qg6 18. Bf1 e4 19. Nd2 Ne5 20. Qe7 Nf3+ 21. Nxf3 exf3 22. Qxc7 fxg2 23. Be2 Bd5 24. Qg3 Qe6 25. Bd3 Bxa2 26. Qxg2 Rac8 27. Rac1 Bc4 28. Bb1 a5 29. Kh1 a4 30. Rg1 Qf6 31. f4 a3 32. e4 a2 33. Bc2 Kf8 34. f5 Ra8 35. Ra1 Ra3 36. Qd2 b5 37. Rg2 b4 38. e5 Qc6 39. Kg1 Bd5 40. Rg3 Rxc3 41. f6 Rxg3+ 42. hxg3 Qc3 43. Qxc3 bxc3 44. fxg7+ Kxg7 45. Kf2 Rb8 46. Ke3 Be6 47. g4 Bxg4 48. Rxa2 Rb2 49. Rxb2 cxb2 50. d5 Bh5 51. d6 Kf8 52. e6 fxe6 53. Kd2 Bf3 54. Ke3 Bd5 55. Bb1 Ke8 0-1

[Event "FIDE World Rapid-ch Open 2018"]
[White "Gareyev, Timur"]
[Black "Morozevich, Alexander"]
[Site "St. Petersburg"]
[Round "2.23"]
[Annotator "ChessBase"]
[Result "0-1"]
[Date "2018.12.26"]
[WhiteElo "2569"]
[BlackElo "2656"]
[PlyCount "42"]
[TimeControl "900+10"]

1. Nf3 d5 2. c4 d4 3. g3 Nc6 4. Bg2 e5 5. 0-0 e4 6. Ne1 h5 7. d3 e3 8. fxe3 h4 9. exd4 Nxd4 10. e3 hxg3 11. hxg3 Nf5 12. Rxf5 Bxf5 13. Bxb7 Rb8 14. Qf3 Rxb7 15. Qxf5 Ne7 16. Qf2 Rb6 17. Nc3 Rbh6 18. Qg2 Rh1+ 19. Qxh1 Rxh1+ 20. Kxh1 Nf5 21. Ne4 Nxg3+ 0-1

[Event "FIDE World Rapid-ch Open 2018"]
[White "Matlakov, Maxim"]
[Black "Indjic, Aleksandar"]
[Site "St. Petersburg"]
[Round "2.24"]
[Annotator "ChessBase"]
[Result "1-0"]
[Date "2018.12.26"]
[WhiteElo "2700"]
[BlackElo "2620"]
[PlyCount "107"]
[TimeControl "900+10"]

1. c4 Nc6 2. Nc3 g6 3. d4 d6 4. Nf3 Bg7 5. g3 Bg4 6. Bg2 Qc8 7. d5 Ne5 8. Nxe5 Bxe5 9. 0-0 h5 10. h4 Bh3 11. Be3 Bxg2 12. Kxg2 c5 13. Qd3 Bg7 14. Bg5 Nf6 15. Rab1 0-0 16. Ne4 Re8 17. Nxf6+ exf6 18. Bf4 Qd7 19. b4 cxb4 20. Rxb4 f5 21. a4 b6 22. Rb5 Re4 23. a5 Rd4 24. Qb3 bxa5 25. Rxa5 Rc8 26. Rc1 Qe8 27. Be3 Rg4 28. f3 f4 29. fxg4 Qe4+ 30. Kh2 fxe3 31. Qd3 Qxd3 32. exd3 Re8 33. Ra2 hxg4 34. Kg2 Bd4 35. Rb1 Kg7 36. Kf1 f5 37. Rb7+ Kf6 38. Ke2 Be5 39. Raxa7 Bxg3 40. Rf7+ Ke5 41. Rae7+ Rxe7 42. Rxe7+ Kd4 43. Rxe3 Bxh4 44. Re6 g5 45. Rxd6 f4 46. Rf6 f3+ 47. Kf1 Ke3 48. Re6+ Kf4 49. Re4+ Kf5 50. d6 g3 51. Rxh4 gxh4 52. d7 h3 53. d8=Q h2 54. Qd5+ 1-0

[Event "FIDE World Rapid-ch Open 2018"]
[White "Yuffa, Daniil"]
[Black "Amonatov, Farrukh"]
[Site "St. Petersburg"]
[Round "2.25"]
[Annotator "ChessBase"]
[Result "0-1"]
[Date "2018.12.26"]
[WhiteElo "2572"]
[BlackElo "2614"]
[PlyCount "104"]
[TimeControl "900+10"]

1. d4 Nf6 2. c4 g6 3. Nc3 Bg7 4. e4 d6 5. Nf3 0-0 6. Be2 e5 7. d5 a5 8. Bg5 Na6 9. Nd2 Qe8 10. g4 Nd7 11. Rg1 Ndc5 12. h4 Kh8 13. Nf1 Bd7 14. Ng3 a4 15. h5 h6 16. Be3 g5 17. Kf1 c6 18. Kg2 cxd5 19. Nxd5 Ne6 20. Nf5 Nf4+ 21. Bxf4 exf4 22. Nxg7 Kxg7 23. Nb6 Rd8 24. Qd4+ Qe5 25. Rgd1 Bc6 26. f3 Nc5 27. Rab1 Nxe4 28. Qxe5+ dxe5 29. fxe4 Bxe4+ 30. Kf2 Bxb1 31. Rxb1 e4 32. Nxa4 Rd2 33. Nc3 f5 34. gxf5 e3+ 35. Kf3 Rxf5 36. c5 Rd4 37. b4 Kf6 38. Rd1 Rxd1 39. Bxd1 Ke5 40. a4 Rf8 41. Nb5 g4+ 42. Kxg4 Rg8+ 43. Kf3 Rg1 44. Nc3 Rf1+ 45. Ke2 Rf2+ 46. Ke1 f3 47. b5 Kf4 48. Nd5+ Ke4 49. c6 bxc6 50. bxc6 Rg2 51. Nc3+ Kd3 52. Kf1 e2+ {[%emt 0:0:17]
 Nb1} 0-1

[Event "FIDE World Rapid-ch Open 2018"]
[White "Bocharov, Dmitry"]
[Black "Zvjaginsev, Vadim"]
[Site "St. Petersburg"]
[Round "2.26"]
[Annotator "ChessBase"]
[Result "1-0"]
[Date "2018.12.26"]
[WhiteElo "2533"]
[BlackElo "2642"]
[PlyCount "61"]
[TimeControl "900+10"]

1. c4 g6 2. d4 Bg7 3. e4 c5 4. d5 d6 5. Nc3 e6 6. Nf3 exd5 7. cxd5 a6 8. h3 b5 9. Bd3 Nf6 10. 0-0 0-0 11. Bf4 Re8 12. Re1 Qb6 13. Qd2 Nbd7 14. a3 Bb7 15. b4 Rac8 16. Rac1 Nh5 17. Bh6 Bh8 18. Be3 Qd8 19. Ne2 Nhf6 20. Ng3 c4 21. Bc2 Ne5 22. Nxe5 dxe5 23. a4 c3 24. Qd3 Rc4 25. axb5 axb5 26. Bb3 Rxb4 27. Qxc3 Rxe4 28. Nxe4 Nxe4 29. Qb4 Nf6 30. Qxb5 Qb8 31. d6 1-0

[Event "FIDE World Rapid-ch Open 2018"]
[White "Levin, Evgeny A."]
[Black "Zubov, Alexander"]
[Site "St. Petersburg"]
[Round "2.28"]
[Annotator "ChessBase"]
[Result "1/2-1/2"]
[Date "2018.12.26"]
[WhiteElo "2516"]
[BlackElo "2597"]
[PlyCount "39"]
[TimeControl "900+10"]

1. d4 Nf6 2. c4 e6 3. Nc3 Bb4 4. e3 d5 5. Nf3 0-0 6. Bd3 b6 7. 0-0 Bb7 8. cxd5 exd5 9. a3 Bd6 10. b4 a6 11. Qb3 Nbd7 12. a4 c6 13. a5 b5 14. e4 dxe4 15. Nxe4 Nxe4 16. Bxe4 h6 17. Re1 Re8 18. Bd2 Qc7 19. Bc2 Nf6 20. h3 1/2-1/2

[Event "FIDE World Rapid-ch Open 2018"]
[White "Fridman, Daniel"]
[Black "Predke, Alexandr"]
[Site "St. Petersburg"]
[Round "2.29"]
[Annotator "ChessBase"]
[Result "1/2-1/2"]
[Date "2018.12.26"]
[WhiteElo "2633"]
[BlackElo "2622"]
[PlyCount "66"]
[TimeControl "900+10"]

1. d4 d5 2. Nf3 Nf6 3. c4 dxc4 4. e3 c5 5. Bxc4 cxd4 6. Qxd4 Qxd4 7. Nxd4 a6 8. 0-0 Bd7 9. f3 Nc6 10. Nxc6 Bxc6 11. e4 Rc8 12. Nc3 e6 13. Be3 Bxe4 14. Bxe6 fxe6 15. Nxe4 Nxe4 16. fxe4 Bc5 17. Bxc5 Rxc5 18. Rad1 Rf8 19. Rd2 Rxf1+ 20. Kxf1 Rc4 21. Re2 Ke7 22. b3 Rc1+ 23. Kf2 Kd6 24. Rd2+ Ke5 25. Rd7 Rc2+ 26. Kf3 b5 27. Rxg7 Rxa2 28. Rxh7 Rb2 29. Ra7 Rxb3+ 30. Kg4 Rb2 31. Kf3 Rb3+ 32. Kg4 Rb2 33. Kf3 Rb3+ 1/2-1/2

[Event "FIDE World Rapid-ch Open 2018"]
[White "Sokolov, Andrei"]
[Black "Riazantsev, Alexander"]
[Site "St. Petersburg"]
[Round "2.30"]
[Annotator "ChessBase"]
[Result "1/2-1/2"]
[Date "2018.12.26"]
[WhiteElo "2532"]
[BlackElo "2649"]
[PlyCount "63"]
[TimeControl "900+10"]

1. Nf3 d5 2. d4 Nf6 3. c4 e6 4. Bg5 h6 5. Bxf6 Qxf6 6. Nc3 c6 7. e3 Nd7 8. Bd3 g6 9. 0-0 Bg7 10. e4 dxc4 11. Bxc4 0-0 12. Rc1 Rb8 13. Qe2 Qe7 14. Rfd1 b5 15. Bb3 a6 16. e5 c5 17. d5 c4 18. d6 Qd8 19. Bc2 Bb7 20. Be4 Bxe4 21. Nxe4 Nxe5 22. Nxe5 Bxe5 23. b3 cxb3 24. axb3 Bg7 25. g3 a5 26. Nc5 a4 27. bxa4 b4 28. Qc4 Bc3 29. Ne4 Bg7 30. Nc5 Bc3 31. Ne4 Bg7 32. Nc5 1/2-1/2

[Event "FIDE World Rapid-ch Open 2018"]
[White "Petrosian, Tigran L."]
[Black "Tukhaev, Adam"]
[Site "St. Petersburg"]
[Round "2.31"]
[Annotator "ChessBase"]
[Result "1/2-1/2"]
[Date "2018.12.26"]
[WhiteElo "2598"]
[BlackElo "2527"]
[PlyCount "137"]
[TimeControl "900+10"]

1. Nf3 g6 2. g3 Bg7 3. Bg2 c5 4. c4 Nc6 5. Nc3 e5 6. 0-0 Nge7 7. Ne1 0-0 8. a3 d6 9. Nc2 Be6 10. Ne3 Qd7 11. Rb1 Bh3 12. b4 Bxg2 13. Kxg2 b6 14. d3 Rac8 15. Qa4 Qb7 16. Ned5 Nxd5 17. cxd5 Nd4 18. e3 Nf5 19. e4 Nd4 20. bxc5 Rxc5 21. Nb5 Nxb5 22. Rxb5 Rc3 23. Rb3 Rxb3 24. Qxb3 Rc8 25. a4 Bf8 26. Be3 Qc7 27. Rc1 Qd7 28. Qb5 Qxb5 29. axb5 Rxc1 30. Bxc1 f6 31. d4 Kf7 32. Ba3 exd4 33. f4 Be7 34. Kf3 Ke8 35. Ke2 Kd7 36. Kd3 Bd8 37. Kxd4 Bc7 38. g4 Kc8 39. Kc4 Kb7 40. e5 fxe5 41. fxe5 dxe5 42. d6 Bd8 43. Kd5 a6 44. bxa6+ Kxa6 45. Kxe5 b5 46. Ke6 Ka5 47. d7 b4 48. Bb2 b3 49. Bf6 Kb5 50. Bxd8 b2 51. Bf6 b1=Q 52. d8=Q Qe4+ 53. Kf7 Qc4+ 54. Kg7 Qxg4 55. Qd5+ Ka6 56. Qc6+ Ka7 57. Qc7+ Ka8 58. Be5 Qb4 59. Kxh7 g5 60. Kg6 Qe4+ 61. Kf6 Qf3+ 62. Ke7 Qb3 63. Qc6+ Ka7 64. Qc5+ Kb7 65. Kd6 Qh3 66. Qc6+ Kb8 67. Kc5+ Ka7 68. Qb6+ Ka8 69. Qa6# 1/2-1/2

[Event "FIDE World Rapid-ch Open 2018"]
[White "Maghsoodloo, Parham"]
[Black "Sargissian, Gabriel"]
[Site "St. Petersburg"]
[Round "2.32"]
[Annotator "ChessBase"]
[Result "0-1"]
[Date "2018.12.26"]
[WhiteElo "2688"]
[BlackElo "2689"]
[PlyCount "65"]
[TimeControl "900+10"]

1. Nf3 d5 2. g3 Bg4 3. Bg2 e6 4. 0-0 Nf6 5. d3 Be7 6. Qe1 0-0 7. h3 Bh5 8. g4 Bg6 9. Nh4 Nfd7 10. Nxg6 hxg6 11. Nd2 c6 12. e3 a5 13. f4 Na6 14. Nf3 Re8 15. Kh1 Bd6 16. e4 e5 17. f5 gxf5 18. gxf5 Nf6 19. Bg5 Nc5 20. Nh2 Be7 21. Bf3 dxe4 22. dxe4 Qd4 23. c3 Qd3 24. Rd1 Qb5 25. Rg1 Red8 26. Rxd8+ Rxd8 27. Qh4 Nd3 28. Rg2 Rd6 29. Ng4 Nf4 30. Bxf4 exf4 31. c4 Qc5 32. e5 Nxg4 33. f6 0-1

[Event "FIDE World Rapid-ch Open 2018"]
[White "Shirov, Alexei"]
[Black "Hovhannisyan, Robert"]
[Site "St. Petersburg"]
[Round "2.33"]
[Annotator "ChessBase"]
[Result "1-0"]
[Date "2018.12.26"]
[WhiteElo "2643"]
[BlackElo "2637"]
[PlyCount "83"]
[TimeControl "900+10"]

1. e4 e5 2. Nf3 Nc6 3. Bb5 Nf6 4. d3 Bc5 5. c3 0-0 6. Bg5 h6 7. Bh4 Be7 8. 0-0 d6 9. Bg3 Qe8 10. h3 Nh5 11. Bh2 f5 12. exf5 Rxf5 13. g4 Qg6 14. Bg3 Nxg3 15. gxf5 Nxf5+ 16. Kh2 Be6 17. Nbd2 Rf8 18. Qe2 Qh5 19. Ng1 Qg5 20. Ndf3 Qf6 21. Rae1 Kh8 22. d4 Bd5 23. Bxc6 Bxc6 24. dxe5 dxe5 25. Nxe5 Bd5 26. c4 Bg8 27. f4 Rd8 28. Ngf3 Bc5 29. Ng4 Qd6 30. Nfe5 Qa6 31. Rd1 Rxd1 32. Rxd1 Qxa2 33. Rd8 Qb1 34. Nf2 Kh7 35. Rd1 Qa2 36. Qe4 Be6 37. Ned3 Bxf2 38. Qxe6 Bg3+ 39. Kg2 Qa5 40. c5 g6 41. Qf7+ Kh8 42. Ne5 1-0

[Event "FIDE World Rapid-ch Open 2018"]
[White "Firouzja, Alireza"]
[Black "Grachev, Boris"]
[Site "St. Petersburg"]
[Round "2.34"]
[Annotator "ChessBase"]
[Result "1-0"]
[Date "2018.12.26"]
[WhiteElo "2607"]
[BlackElo "2626"]
[PlyCount "93"]
[TimeControl "900+10"]

1. d4 d5 2. c4 e6 3. g3 Nf6 4. Bg2 dxc4 5. Nf3 Bd7 6. Ne5 Bc6 7. Nxc6 Nxc6 8. 0-0 Qd7 9. e3 Rd8 10. Qe2 e5 11. Nc3 Be7 12. d5 Nb4 13. e4 Nd3 14. Be3 b5 15. a4 a6 16. axb5 axb5 17. b3 0-0 18. bxc4 bxc4 19. Qa2 Nb4 20. Qe2 Nd3 21. Ra6 Ne8 22. Bf3 Nd6 23. Bg4 f5 24. exf5 Bf6 25. Rc6 Ra8 26. Bf3 Rfb8 27. Ne4 Rb2 28. Qd1 Rba2 29. Nxd6 cxd6 30. Be4 R2a3 31. Qc2 Qe7 32. Qxc4 R8a4 33. Rc8+ Kf7 34. Qc2 Rxe4 35. Rc7 Rea4 36. Rxe7+ Bxe7 37. Qc8 Ra8 38. Qe6+ Kf8 39. Rb1 Ra1 40. Rxa1 Rxa1+ 41. Kg2 Ne1+ 42. Kh3 Nf3 43. f6 Bxf6 44. Qxd6+ Be7 45. Qb8+ Kf7 46. d6 Rh1 47. Kg2 1-0

[Event "FIDE World Rapid-ch Open 2018"]
[White "Timofeev, Artyom"]
[Black "Kazhgaleyev, Murtas"]
[Site "St. Petersburg"]
[Round "2.35"]
[Annotator "ChessBase"]
[Result "1-0"]
[Date "2018.12.26"]
[WhiteElo "2589"]
[BlackElo "2587"]
[PlyCount "127"]
[TimeControl "900+10"]

1. e4 d6 2. d4 Nf6 3. Bd3 e5 4. c3 Nc6 5. Nf3 g6 6. 0-0 Bg7 7. Re1 0-0 8. Nbd2 Nh5 9. Nb3 Bg4 10. Be2 Re8 11. h3 Bc8 12. Bg5 Bf6 13. Be3 exd4 14. Nfxd4 Ng7 15. Nxc6 bxc6 16. Na5 Bd7 17. Ba6 Rb8 18. Bb7 Rxe4 19. Nxc6 Bxc6 20. Bxc6 Re5 21. Qd2 a5 22. Ba7 Ne6 23. Bxb8 Qxb8 24. g3 Qb6 25. Bg2 Rb5 26. Re2 h5 27. h4 g5 28. a4 Rc5 29. Bd5 gxh4 30. Bxe6 fxe6 31. Qe3 hxg3 32. fxg3 Kg7 33. Rf1 Re5 34. Qxb6 cxb6 35. Rxe5 Bxe5 36. Kg2 d5 37. Re1 Kf6 38. Kh3 d4 39. cxd4 Bxd4 40. b3 e5 41. Kg2 Kg5 42. Rf1 Bc5 43. Rf7 e4 44. Rf4 e3 45. Kf3 Kg6 46. Rc4 Kf5 47. Re4 Kg5 48. Re8 Kf5 49. Re4 Kg5 50. Re5+ Kg6 51. Ke2 Kh6 52. Kd3 Kg6 53. b4 Bxb4 54. Kxe3 Bc5+ 55. Ke4 Bg1 56. Kf4 Bf2 57. Re6+ Kg7 58. Re2 Bc5 59. Kg5 b5 60. axb5 a4 61. Kxh5 a3 62. Kg5 Kf7 63. Kf5 Bd4 64. Ra2 1-0

[Event "FIDE World Rapid-ch Open 2018"]
[White "Saric, Ivan"]
[Black "Kevlishvili, Robby"]
[Site "St. Petersburg"]
[Round "2.36"]
[Annotator "ChessBase"]
[Result "0-1"]
[Date "2018.12.26"]
[WhiteElo "2695"]
[BlackElo "2451"]
[PlyCount "84"]
[TimeControl "900+10"]

1. e4 c5 2. Nf3 d6 3. d4 cxd4 4. Nxd4 Nf6 5. Nc3 a6 6. a3 Nc6 7. Be2 e5 8. Nf3 Be6 9. Ng5 Be7 10. Nxe6 fxe6 11. g4 d5 12. g5 Nxe4 13. Nxe4 dxe4 14. Qxd8+ Rxd8 15. c3 Bc5 16. b4 Bb6 17. Ra2 Ne7 18. c4 Bd4 19. 0-0 Nf5 20. Kh1 e3 21. fxe3 Nxe3 22. Re1 Nf5 23. c5 Ke7 24. Bf3 Bc3 25. Rf1 Rhf8 26. Rc2 Bd4 27. Bxb7 Ng3+ 28. hxg3 Rxf1+ 29. Kg2 Rdf8 30. Kh3 R8f2 31. Bd2 Kd7 32. Be4 Rd1 33. g6 h6 34. Bc3 Rxc2 35. Bxc2 Rh1+ 36. Kg2 Rg1+ 37. Kh2 Rc1 38. Ba4+ Ke7 39. Bd2 Ra1 40. c6 Bb6 41. Bb3 Rb1 42. b5 Rxb3 0-1